 Dungeon Crawl Stone Soup version 0.29.1-12-g30fa7ad0bf (webtiles) character file.

Game seed: 9909597445156916899

1028 ThatPearl the Gusty (level 7, -13/60 HPs)
             Began as a Demigod Air Elementalist on Jan 11, 2023.
             Mangled by Duvessa
             ... wielding a +0 rapier
              (19 damage)
             ... on level 6 of the Dungeon.
             The game lasted 00:21:42 (6842 turns).

ThatPearl the Gusty (Demigod Air Elementalist)      Turns: 6842, Time: 00:21:43

Health: -13/60     AC:  3    Str:  9    XL:     7   Next: 72%
Magic:  8/17       EV: 12    Int: 31    God:
Gold:   213        SH:  0    Dex: 14    Spells: 5/14 levels left

rFire   . . .      SeeInvis .   y - +1 flail (protect)
rCold   . . .      Faith    .   (no shield)
rNeg    . . .      Spirit   .   a - +0 robe
rPois   .          Reflect  .   (no helmet)
rElec   .          Harm     .   (no cloak)
rCorr   .          Rampage  .   E - +0 pair of gloves
Will    .....                   (no boots)
Stlth   ++........              x - amulet of magic regeneration
HPRegen 0.20/turn               o - +6 ring of intelligence
MPRegen 0.55/turn               (no ring)

@: no status effects
A: high MP 1, forlorn, divine attributes
a: no special abilities


You were on level 6 of the Dungeon.
You visited 1 branch of the dungeon, and saw 6 of its levels.

You collected 213 gold pieces.

Inventory:

Hand Weapons
 i - a +0 dagger
 m - a +0 sling
 r - a +0 sling
 y - a +1 flail of protection (weapon)
 F - a +1 short sword of venom
Missiles
 p - 2 atropa-tipped darts
 A - 22 stones
Armour
 a - a +0 robe (worn)
 k - the +1 ring mail of Nemelex Xobeh's Hope {rPois rC+ Str+2}
   (You found it on level 2 of the Dungeon)

   Str:       It affects your strength (+2).
   rC:        It protects you from cold.
   rPois:     It protects you from poison.
 s - quicksilver dragon scales
 E - a +0 pair of gloves (worn)
Jewellery
 c - a ring of ice
 o - a +6 ring of intelligence (left hand)
 x - an amulet of magic regeneration (around neck)
 z - a +6 ring of strength
 G - a ring of fire
Wands
 l - a wand of flame (10)
Scrolls
 d - 4 scrolls of identify {unknown}
 f - a scroll of enchant weapon {unknown}
 g - 2 scrolls of immolation {unknown}
 n - a scroll of fear {unknown}
 w - a scroll of fog {unknown}
 B - 2 scrolls of teleportation {unknown}
 C - a scroll of poison {unknown}
 D - a scroll of brand weapon {unknown}
Potions
 b - a potion of magic
 e - 3 potions of curing {unknown}
 h - 2 potions of haste {unknown}
 j - a potion of brilliance {unknown}
 q - 4 potions of heal wounds {unknown}
 t - 3 potions of resistance {unknown}
 u - a potion of attraction {unknown}
 v - 2 potions of lignification {unknown}


   Skills:
 + Level 4.3 Fighting
 - Level 1.7 Armour
 - Level 1.9 Dodging
 - Level 2.0 Stealth
 + Level 4.4 Spellcasting
 - Level 2.0 Conjurations
 + Level 5.2 Air Magic


You had 5 spell levels left.
You knew the following spells:

 Your Spells              Type           Power      Damage    Failure   Level
d - Tukima's Dance        Hex            6%         N/A       17%         3
h - Shock                 Conj/Air       100%       1d9       1%          1
s - Static Discharge      Conj/Air       29%        3-7/arc   1%          2
w - Swiftness             Air            39%        N/A       1%          3

Your spell library contained the following spells:

 Spells                   Type           Power      Damage    Failure   Level
 Airstrike                Air            19%        2d(3-19)  7%          4
 Dazzling Flash           Conj/Hex       26%        N/A       12%         3
 Portal Projectile        Hex/Tloc       12%        N/A       17%         3
 Iskenderun's Mystic Bla  Conj/Tloc      13%        2d5       36%         4
 Blade Hands              Tmut           3%         N/A       85%         5
 Starburst                Conj/Fire      6%         6d4       99%         6


Dungeon Overview and Level Annotations

Branches:
Dungeon (6/15)
 Temple: D:4-7

Shops:
D:2 *

Annotations:
D:4 Edmund, Sigmund
D:6 Duvessa


Innate Abilities, Weirdness & Mutations

You have an increased reservoir of magic. (+10% MP)
You shall have no god before yourself.
Your divine heritage dramatically boosts your attributes as you level up.


Message History

The zap hits Dowan.
Dowan is moderately wounded.
The zap hits Duvessa.
Duvessa is moderately wounded.
Dowan misses you.
Casting: Shock (safe; 1% risk of failure)
Confirm with . or Enter, or press ? or * to list all spells.
Dowan is struck by an arc of lightning!
Dowan is severely wounded.
You are struck by an arc of lightning.
Dowan is struck by an arc of lightning.
Dowan is almost dead.
You are struck by an arc of lightning.
The lightning grounds out.
Dowan hits you with a +0 dagger.
Casting: Static Discharge (safe; 1% risk of failure)
Confirm with . or Enter, or press ? or * to list all spells.
Dowan is struck by an arc of lightning!
You kill Dowan!
Duvessa weeps, and shakes her weapon.
Duvessa goes berserk!
Duvessa is struck by an arc of lightning!
Duvessa is heavily wounded.
The lightning grounds out.
Duvessa hits you with a +0 rapier!! Duvessa hits you with a +0 rapier!
Casting: Static Discharge (safe; 1% risk of failure)
Confirm with . or Enter, or press ? or * to list all spells.
Duvessa is struck by an arc of lightning.
Duvessa is heavily wounded.
You are struck by an arc of lightning.
The lightning grounds out.
Duvessa hits you with a +0 rapier!
* * * LOW HITPOINT WARNING * * *
Okay, then.
Okay, then.
Casting: Static Discharge (safe; 1% risk of failure)
Confirm with . or Enter, or press ? or * to list all spells.
Duvessa is struck by an arc of lightning!
Duvessa is severely wounded.
You are struck by an arc of lightning.
* * * LOW HITPOINT WARNING * * *
The lightning grounds out.
Duvessa hits you with a +0 rapier!!
You die...

#.#.....## ##
###....# .# ..
#)....e# .##.#
#.......# ....
#...)?#..#####
...
#...###.......
.. ##.#
###.....#. ##
#.....).#
......e@#
...$.#.## ...
## #


You could see Duvessa (berserk).

Vanquished Creatures
  A black bear (D:5)
  An ogre (D:5)
  A phantom (D:5)
  A necrophage (D:5)
  A scorpion (D:5)
  3 wights (D:5)
  Dowan (D:6)
  A howler monkey (D:5)
  2 hounds (D:5)
  A jelly (D:4)
  A gnoll bouda (D:5)
  3 iguanas
  An orc wizard (D:4)
  4 gnolls
  5 adders
  2 worms
  3 dart slugs
  9 orcs
  9 bats
  6 endoplasms
  2 giant cockroaches
  9 goblins
  6 hobgoblins
  11 jackals
  4 quokkas
  8 ball pythons
  3 frilled lizards
  4 kobolds
  8 rats
111 creatures vanquished.

Vanquished Creatures (others)
  2 ghouls (D:1)
  A minotaur (D:1)
  2 demonspawn (D:1)
  2 gargoyles (D:1)
  A vine stalker (D:1)
  An elf (D:1)
  A human (D:1)
  A dancing weapon (D:5)
  A tengu (D:1)
  A felid (D:1)
  18 plants (D:4)
  5 tentacles (D:1)
36 creatures vanquished.

Grand Total: 147 creatures vanquished

Notes
Turn   | Place    | Note
-------+----------+-------------------------------------------
     0 | D:1      | ThatPearl the Demigod Air Elementalist began the quest for
                  | the Orb.
     0 | D:1      | Reached XP level 1. HP: 14/14 MP: 5/5
     0 | D:1      | Noticed a vine stalker
     0 | D:1      | Noticed a tengu
     0 | D:1      | Noticed a ghoul
     0 | D:1      | Noticed a ghoul
     0 | D:1      | Noticed a gargoyle
     0 | D:1      | Noticed a kraken
     0 | D:1      | Noticed a demonspawn
     0 | D:1      | Noticed a felid
     0 | D:1      | Noticed a human
     0 | D:1      | Noticed an elf
     0 | D:1      | Noticed a gargoyle
     0 | D:1      | Noticed a minotaur
     0 | D:1      | Noticed a demonspawn
     4 | D:1      | Killed a tengu
     4 | D:1      | Killed a human
     5 | D:1      | Killed a demonspawn
     6 | D:1      | Killed a gargoyle
     9 | D:1      | Killed a vine stalker
     9 | D:1      | Killed an elf
     9 | D:1      | Killed a gargoyle
    10 | D:1      | Killed a ghoul
    11 | D:1      | Killed a felid
    13 | D:1      | Killed a ghoul
    14 | D:1      | Killed a demonspawn
    15 | D:1      | Killed a minotaur
    55 | D:1      | Reached skill level 1 in Conjurations
    98 | D:1      | Reached XP level 2. HP: 5/20 MP: 0/7
   735 | D:1      | Reached skill level 3 in Air Magic
   810 | D:1      | Learned a level 2 spell: Static Discharge
  1024 | D:1      | Reached XP level 3. HP: 27/27 MP: 4/8
  1231 | D:2      | Reached skill level 1 in Fighting
  1327 | D:2      | Learned a level 3 spell: Swiftness
  1611 | D:2      | Identified the +1 ring mail of Nemelex Xobeh's Hope {rPois
                  | rC+ Str+2}
  1886 | D:2      | Found Yssur's Assorted Antiques.
  2141 | D:2      | Reached XP level 4. HP: 26/35 MP: 7/10
  3696 | D:4      | Reached skill level 1 in Armour
  3887 | D:4      | Reached XP level 5. HP: 28/41 MP: 4/11
  4432 | D:4      | Noticed Edmund
  4445 | D:4      | Noticed Sigmund
  4745 | D:5      | Entered Level 5 of the Dungeon
  4781 | D:5      | Noticed an ogre
  4925 | D:5      | Learned a level 3 spell: Tukima's Dance
  5109 | D:5      | Reached skill level 4 in Air Magic
  5109 | D:5      | Reached XP level 6. HP: 35/50 MP: 7/13
  5794 | D:5      | Reached XP level 7. HP: 57/57 MP: 13/16
  6268 | D:5      | Reached skill level 5 in Air Magic
  6547 | D:6      | Noticed Dowan
  6777 | D:6      | Noticed Duvessa
  6840 | D:6      | Killed Dowan
  6842 | D:6      | Mangled by Duvessa

Illustrated notes

Levels and vault maps discovered:
D:1:      nicolae_arrival_kraken_aquarium_a, layout_rooms
D:2:      layout_rooms, hellmonk_ecumenical_altar_pennies_from_heaven,
          serial_shops, shop, lightli_corner_chamber
D:3:      layout_basic, grunt_qazlal_sundering, hangedman_decor_growths,
          chequers_serial_rivers_small_a, minmay_misc_feat_nine_boxes
D:4:      layout_basic, serial_bayou, serial_bayou_lake_a, serial_bayou_pond_a,
          serial_bayou_pond_c, serial_bayou_shore_b, sigmund_edmund_badplayer
D:5:      layout_basic, lemuel_crystal_altar, nicolae_uskayaw_suspiria
D:6:      kennysheep_big_flooded_room, layout_cave_pools, lemuel_doored_altar,
          minmay_temple_entry_butterflies, uniq_duvessa

Skill      XL: |  1  2  3  4  5  6  7 |
---------------+----------------------+-----
Conjurations   | 1 2 |  2.0
Stealth        | 2 |  2.0
Spellcasting   | 2 3 4 |  4.4
Air Magic      | 3 4 5 |  5.2
Fighting       | 1 2 3 4 |  4.3
Armour         | 1 |  1.7
Dodging        | |  1.9

Action                   |  1- 3 |  4- 6 |  7- 9 || total
-------------------------+-------+-------+-------++-------
Melee: Unarmed           |    24 |       |       ||    24
       Dagger            |    19 |    62 |       ||    81
       Flail             |       |     6 |       ||     6
 Cast: Shock             |    95 |   115 |    33 ||   243
       Static Discharge  |     1 |    12 |    12 ||    25
       Tukima's Dance    |       |     2 |       ||     2
 Stab: Sleeping          |     1 |     1 |       ||     2
Armor: Robe              |     7 |     7 |     2 ||    16
       Ring mail         |    10 |    42 |       ||    52
Dodge: Dodged            |    47 |    93 |     5 ||   145
